 Dungeon Crawl Stone Soup version 0.28.0 (webtiles) character file.

Game seed: 8637927780375590261

141 Kranky the Slasher (level 5, -1/43 HPs)
             Began as a Gnoll Wanderer on Feb 4, 2022.
             Killed from afar by a white imp (8 damage)
             ... with a puff of frost
             ... summoned by Natasha
             ... while paralysed by Grinder
             ... on level 3 of the Dungeon.
             The game lasted 00:05:46 (3067 turns).

Kranky the Slasher (Gnoll Wanderer)                 Turns: 3067, Time: 00:05:46

Health: -1/43      AC:  9    Str: 10    XL:     5   Next: 24%
Magic:  7/7        EV:  2    Int: 10    God:
Gold:   91         SH:  0    Dex: 16    Spells: 6/6 levels left

rFire   . . .      SeeInvis .   a - +1 long sword
rCold   . . .      Faith    .   (no shield)
rNeg    . . .      Spirit   .   n - +0 ring mail
rPois   .          Reflect  .   (no helmet)
rElec   .          Harm     .   (no cloak)
rCorr   .          Rampage  .   (no gloves)
Will    .....                   (no boots)
Stlth   ++........              (no amulet)
HPRegen 0.14/turn               f - +4 ring of protection
MPRegen 0.10/turn               (no ring)

@: paralysed
A: fangs 1, strong nose, distributed training
a: no special abilities


You were on level 3 of the Dungeon.
You visited 1 branch of the dungeon, and saw 3 of its levels.

You collected 91 gold pieces.

Inventory:

Hand Weapons
 a - a +1 long sword (weapon)
 b - a +0 quarterstaff
 h - a +0 dagger of protection
Armour
 c - a +0 robe
 n - a +0 ring mail (worn)
Jewellery
 f - a +4 ring of protection (left hand)
 o - a +6 ring of dexterity
Wands
 q - a wand of charming (10)
Scrolls
 e - a scroll of enchant weapon {unknown}
 g - a scroll of silence {unknown}
 k - 3 scrolls of teleportation {unknown}
 l - a scroll of identify {unknown}
 p - a scroll of enchant armour {unknown}
Potions
 d - a potion of mutation {unknown}
 i - a potion of berserk rage {unknown}
 j - a potion of ambrosia {unknown}
 m - a potion of cancellation {unknown}


   Skills:
 + Level 4.7 Fighting
 + Level 1.4 Short Blades
 + Level 6.7 Long Blades
 + Level 1.4 Axes
 + Level 1.4 Maces & Flails
 + Level 1.4 Polearms
 + Level 4.7 Staves
 + Level 1.4 Slings
 + Level 1.4 Bows
 + Level 1.4 Crossbows
 + Level 2.9 Throwing
 + Level 2.9 Armour
 + Level 1.4 Dodging
 + Level 2.7 Stealth
 + Level 1.4 Shields
 + Level 1.4 Unarmed Combat
 + Level 1.4 Spellcasting
 + Level 1.1 Conjurations
 + Level 1.1 Hexes
 + Level 1.1 Summonings
 + Level 1.1 Necromancy
 + Level 1.1 Translocations
 + Level 1.1 Transmutations
 + Level 1.1 Fire Magic
 + Level 1.1 Ice Magic
 + Level 1.1 Air Magic
 + Level 1.1 Earth Magic
 + Level 1.1 Poison Magic
 + Level 1.6 Invocations
 + Level 1.4 Evocations


You had 6 spell levels left.
You didn't know any spells.
Your spell library contained the following spells:

 Spells                   Type           Power      Damage    Failure   Level
 Blink                    Tloc           6%         N/A       58%         2
 Corpse Rot               Necr/Air       6%         N/A       58%         2
 Poisonous Vapours        Pois/Air       6%         N/A       58%         2
 Lesser Beckoning         Tloc           3%         N/A       83%         3
 Manifold Assault         Tloc           3%         N/A       100%        5


Dungeon Overview and Level Annotations

Branches:
Dungeon (3/15)

Altars:
Qazlal

Annotations:
D:2 1 runed translucent door, Crazy Yiuf, Sigmund
D:3 Grinder, Natasha


Innate Abilities, Weirdness & Mutations

You have very sharp teeth.
Your uncanny sense of smell can sniff out nearby items.
Your experience applies equally to all skills.


Message History

You can move again.
You closely miss Grinder.
Grinder is heavily wounded.
Grinder hits you but does no damage.
You closely miss Grinder.
Grinder is heavily wounded.
Grinder hits you.
You barely miss Grinder.
Grinder is heavily wounded.
Grinder gestures at you.
You barely resist. You hit Grinder. Your bite misses Grinder.
Grinder is heavily wounded.
Grinder hits you.
You writhe in agony.
You barely miss Grinder.
Grinder is heavily wounded.
Grinder hits you but does no damage.
You slash Grinder!
Grinder is severely wounded.
Grinder gestures at you.
You suddenly lose the ability to move!
Grinder hits you.
You writhe in agony.
Grinder says, "Mostly I couldn't keep them alive."
Grinder hits you but does no damage.
Grinder blinks!
Grinder gestures at you. Pain shoots through your body!
* * * LOW HITPOINT WARNING * * *
You can move again.
Natasha, Servant of Life and Death comes into view.
She is carrying a wand of flame (5).
Natasha casts a spell.
Grinder blinks!
Grinder gestures at you.
You suddenly lose the ability to move!
Natasha zaps a wand.
The puff of flame hits you but does no damage.
Grinder blinks!
The white imp grins evilly.
The white imp gestures at you. The puff of frost hits you!
You die...

...............#......#..........
.................###.##.#####.##.
........................# #...#
...................##.#.#######..
#.....##...........##.#......####
########..........##..######.####
#.................##.## ###...##
#..........<.........#####.......
#..........÷)...@.#.[##.......≈..
#.......................##...≈≈≈≈
#...................§...##..≈≈#≈≈
#...........5h.......#......≈.#≈≈
#...............§.............#≈_
#...................#..###....≈≈.
#...................##..##...≈≈≈≈
##########..........###......≈≈≈#
#.....)....# ##....≈≈≈.


You could see Natasha and a white imp (summoned).

Vanquished Creatures
  Natasha (twice) (D:3)
  3 adders
  A worm (D:2)
  2 dart slugs (D:1)
  4 ball pythons
  4 bats
  9 endoplasms
  2 giant cockroaches
  5 goblins
  6 hobgoblins
  9 kobolds
  A quokka (D:1)
  3 frilled lizards
  A rat (D:2)
52 creatures vanquished.

Notes
Turn   | Place    | Note
-------+----------+-------------------------------------------
     0 | D:1      | Kranky the Gnoll Wanderer began the quest for the Orb.
     0 | D:1      | Kranky set off with the following items: a +1 long sword, a
                  | +0 quarterstaff, a +0 robe
     0 | D:1      | Reached XP level 1. HP: 20/20 MP: 1/1
   144 | D:1      | Reached XP level 2. HP: 16/26 MP: 2/2
   645 | D:1      | Reached XP level 3. HP: 14/31 MP: 3/3
  1312 | D:2      | Reached skill level 1 in Invocations
  1316 | D:2      | Found a faded altar of an unknown god.
  1435 | D:2      | Reached skill level 1 in Short Blades
  1435 | D:2      | Reached skill level 1 in Axes
  1435 | D:2      | Reached skill level 1 in Maces & Flails
  1435 | D:2      | Reached skill level 1 in Polearms
  1435 | D:2      | Reached skill level 1 in Slings
  1435 | D:2      | Reached skill level 1 in Bows
  1435 | D:2      | Reached skill level 1 in Crossbows
  1435 | D:2      | Reached skill level 1 in Dodging
  1435 | D:2      | Reached skill level 1 in Shields
  1435 | D:2      | Reached skill level 1 in Unarmed Combat
  1435 | D:2      | Reached skill level 1 in Spellcasting
  1435 | D:2      | Reached skill level 1 in Evocations
  1435 | D:2      | Reached XP level 4. HP: 24/38 MP: 5/5
  1564 | D:2      | Found a runed translucent door.
  1565 | D:2      | Noticed Crazy Yiuf
  1594 | D:2      | Noticed Sigmund
  2668 | D:3      | Reached skill level 1 in Conjurations
  2668 | D:3      | Reached skill level 1 in Hexes
  2668 | D:3      | Reached skill level 1 in Summonings
  2668 | D:3      | Reached skill level 1 in Necromancy
  2668 | D:3      | Reached skill level 1 in Translocations
  2668 | D:3      | Reached skill level 1 in Transmutations
  2668 | D:3      | Reached skill level 1 in Fire Magic
  2668 | D:3      | Reached skill level 1 in Ice Magic
  2668 | D:3      | Reached skill level 1 in Air Magic
  2668 | D:3      | Reached skill level 1 in Earth Magic
  2668 | D:3      | Reached skill level 1 in Poison Magic
  2684 | D:3      | Noticed Natasha
  2697 | D:3      | Killed Natasha
  2700 | D:3      | Reached XP level 5. HP: 42/43 MP: 6/6
  2741 | D:3      | Noticed Grinder
  2920 | D:3      | Noticed Natasha
  2926 | D:3      | Killed Natasha
  3021 | D:3      | Found a stormy altar of Qazlal.
  3044 | D:3      | Paralysed by Grinder for 4 turns
  3053 | D:3      | Paralysed by Grinder for 7 turns
  3063 | D:3      | Noticed Natasha
  3066 | D:3      | Paralysed by Grinder for 2 turns
  3067 | D:3      | Killed from afar by a white imp

Illustrated notes

Levels and vault maps discovered:
D:1:      dpeg_arrival_radiant, layout_basic, hangedman_feature_mirror,
          minmay_crystal_room
D:2:      wander_river, layout_loops_ring,
          chequers_ecumenical_altar_simple_redux, minmay_tetromino_t2,
          uniq_crazy_yiuf_cottage, uniq_sigmund
D:3:      layout_rooms, nicolae_qazlal_general_emergency, uniq_natasha,
          uniq_grinder

Skill      XL: |  1  2  3  4 |
---------------+-------------+-----
Invocations    | 1 |  1.6
Short Blades   | 1 |  1.4
Axes           | 1 |  1.4
Maces & Flails | 1 |  1.4
Polearms       | 1 |  1.4
Slings         | 1 |  1.4
Bows           | 1 |  1.4
Crossbows      | 1 |  1.4
Dodging        | 1 |  1.4
Shields        | 1 |  1.4
Unarmed Combat | 1 |  1.4
Spellcasting   | 1 |  1.4
Evocations     | 1 |  1.4
Conjurations   | 1 |  1.1
Hexes          | 1 |  1.1
Summonings     | 1 |  1.1
Necromancy     | 1 |  1.1
Translocations | 1 |  1.1
Transmutations | 1 |  1.1
Fire Magic     | 1 |  1.1
Ice Magic      | 1 |  1.1
Air Magic      | 1 |  1.1
Earth Magic    | 1 |  1.1
Poison Magic   | 1 |  1.1
Fighting       | |  4.7
Long Blades    | |  6.7
Staves         | |  4.7
Throwing       | |  2.9
Armour         | |  2.9
Stealth        | |  2.7

Action                   |  1- 3 |  4- 6 || total
-------------------------+-------+-------++-------
Melee: Long sword        |    78 |    64 ||   142
       Bite              |     4 |     5 ||     9
       Punch             |     1 |     3 ||     4
 Stab: Sleeping          |     3 |     4 ||     7
       Distracted        |     1 |       ||     1
Armor: Robe              |    25 |     3 ||    28
       Ring mail         |       |    22 ||    22
Dodge: Dodged            |    36 |    43 ||    79
